[Event "GCT Superbet Blitz Poland 2025"]
[Site "Warsaw"]
[Date "2025.04.30"]
[Round "18"]
[White "Aravindh, Chithambaram VR."]
[Black "Vachier-Lagrave, Maxime"]
[Result "0-1"]
[ECO "B91"]
[WhiteElo "2749"]
[BlackElo "2722"]
[Annotator "ChessBase"]
[PlyCount "114"]
[EventDate "2025.??.??"]
[EventType "blitz"]
[TimeControl "300+2"]

1. e4 c5 2. Nf3 d6 3. d4 cxd4 4. Nxd4 Nf6 5. Nc3 a6 6. g3 e5 7. Nde2 Nbd7 8. a4 b6 9. Bg2 Bb7 10. h3 h5 11. Bg5 Be7 12. O-O Rc8 13. Qd2 O-O 14. Rad1 $146 ({RR} 14. Rfd1 Rc4 15. Qd3 Rc7 16. Qe3 Rc5 17. Qd3 Qa8 18. Rac1 Rfc8 19. h4 Bf8 20. Bh3 R8c7 21. Bxd7 Nxd7 22. Nd5 Bxd5 23. exd5 b5 24. Nc3 b4 25. Ne4 Rc4 26. c3 bxc3 27. Nxc3 Qb7 28. Qe2 g6 {Stojanovic,M (2470)-Bates,R (2345) Zagan 1997 0-1 (62)}) ({RR} 14. Rac1 Rc4 15. b3 Rc7 16. f4 Re8 17. Bxf6 Nxf6 18. Nd5 Nxd5 19. exd5 Bf6 20. h4 b5 21. axb5 axb5 22. f5 e4 23. Rf4 Rce7 24. c4 Qb6+ 25. Kh2 bxc4 26. bxc4 Ba6 27. Qc2 Qe3 28. Rb1 Qd3 {Naylor,J (2295)-Bates,R (2310) London 1997 0-1 (45)}) 14... Rc7 15. f4 Re8 16. Kh2 Qa8 17. Nd5 Nxd5 18. exd5 Bf6 19. Nc3 exf4 20. Qxf4 Qd8 21. Bh4 Re5 22. Ne4 Rxc2 23. Nxf6+ Nxf6 24. Rd2 Rxd2 25. Qxd2 Qe7 26. Rf2 g5 27. Bxg5 Ng4+ 28. hxg4 Qxg5 29. Qb4 hxg4 30. Qxd6 Bxd5 31. Bxd5 Rxd5 32. Qf4 Qh5+ 33. Kg1 Rd1+ 34. Rf1 Qc5+ 35. Kg2 Qc2+ 36. Kg1 Rxf1+ 37. Kxf1 Qb1+ 38. Ke2 Qxb2+ 39. Kd3 Qb3+ 40. Kd2 Qe6 41. Qg5+ Kh7 42. Qd8 b5 43. axb5 axb5 44. Qd3+ Kh6 45. Qxb5 Qd6+ 46. Ke2 Qxg3 47. Qc6+ Kg7 48. Qd5 Qf4 49. Qh5 g3 50. Qh3 Kg6 51. Qh8 Qf2+ 52. Kd3 g2 53. Qg8+ Kh5 54. Qh7+ Kg4 55. Qg7+ Kh3 56. Qh7+ Qh4 57. Qf5+ Kh2 0-1

[Event "GCT Superbet Blitz Poland 2025"]
[Site "Warsaw"]
[Date "2025.04.30"]
[Round "18"]
[White "Aronian, Levon"]
[Black "Duda, Jan-Krzysztof"]
[Result "1/2-1/2"]
[ECO "E14"]
[WhiteElo "2747"]
[BlackElo "2739"]
[Annotator "ChessBase"]
[PlyCount "81"]
[EventDate "2025.??.??"]
[EventType "blitz"]
[TimeControl "300+2"]

1. d4 Nf6 2. c4 e6 3. Nf3 d5 4. Nc3 c6 5. e3 Nbd7 6. Qc2 b6 7. Bd3 Bb7 8. O-O Be7 9. b3 dxc4 10. bxc4 c5 11. Qe2 ({RR} 11. d5 exd5 12. cxd5 Nxd5 13. Nxd5 Bxd5 14. Rd1 Qc7 15. Nd4 O-O-O 16. Nb5 Qb7 17. e4 Bc6 18. Bf4 Nf6 19. Qa4 Bxb5 20. Bxb5 Rxd1+ 21. Rxd1 Rd8 22. Rxd8+ Kxd8 23. Bc6 Qc8 24. Qd1+ Nd7 25. Qd5 Ke8 {Podkriznik,G (2421)-Blazeka,M (2279) Grosuplje SLO 2024 ½-½ (33)}) 11... O-O 12. Bb2 Qc7 13. Rad1 $146 ({RR} 13. Rfd1 cxd4 14. exd4 Rfe8 15. Rac1 Rac8 16. Re1 Bb4 17. Ne5 Nxe5 18. dxe5 Nd7 19. Nb5 Qb8 20. Nd6 Bxd6 21. exd6 Qxd6 22. Qg4 Qf8 23. Re3 f5 24. Qh4 Nf6 25. Rce1 Qf7 26. Rg3 Kh8 27. Rh3 Rcd8 {Pragua,C (2031)-Dehmel,J (1975) Nordrheinwestfalen 2018 0-1 (36)}) ({RR} 13. Rfd1 Rad8 14. d5 exd5 15. cxd5 Nxd5 16. Nxd5 Bxd5 17. Bxh7+ Kxh7 18. Rxd5 Nf6 19. Rg5 Ne8 20. Qc2+ f5 21. Rxf5 Rxf5 22. Qxf5+ Kg8 23. Ne5 Bf6 24. Qe6+ Kh7 25. f4 Rd2 26. Bc3 {1-0 (26) Kock,H (2153)-Jahr,D (2014) Halle 2004}) ({RR} 13. Ne5 Nxe5 14. dxe5 Qxe5 15. Ne4 Qc7 16. Nxf6+ Bxf6 17. Bxf6 gxf6 18. Qg4+ Kh8 19. Qh4 f5 20. Qf6+ Kg8 21. Qg5+ Kh8 22. Qf6+ Kg8 23. Qg5+ Kh8 24. Qf6+ {½-½ (24) Dardha,D (2468)-Basso,P (2570) Bad Wiessee 2020}) 13... cxd4 14. exd4 Rfe8 15. Ne5 Nxe5 16. dxe5 Qc6 17. f4 Nd7 18. Be4 Qc8 19. Rf3 Nc5 20. Bxh7+ Kxh7 21. Rh3+ Kg8 22. Qh5 f6 23. Nd5 exd5 24. exf6 Bxf6 25. Bxf6 Qxh3 26. Qxh3 gxf6 27. cxd5 Re7 28. Qf5 Nd7 29. h4 Rae8 30. h5 Ba6 31. d6 Re6 32. Qg6+ Kh8 33. Qf7 Re2 34. Qxd7 Rg8 35. Qh3 Bb7 36. d7 Bxg2 37. Qh4 Bh3+ 38. Kh1 Bg2+ 39. Kg1 Bh3+ 40. Kh1 Bg2+ 41. Kg1 1/2-1/2

[Event "GCT Superbet Blitz Poland 2025"]
[Site "Warsaw"]
[Date "2025.04.30"]
[Round "18"]
[White "Deac, Bogdan-Daniel"]
[Black "Topalov, Veselin"]
[Result "1-0"]
[ECO "B38"]
[WhiteElo "2668"]
[BlackElo "2717"]
[Annotator "ChessBase"]
[PlyCount "103"]
[EventDate "2025.??.??"]
[EventType "blitz"]
[TimeControl "300+2"]

1. e4 c5 2. Nf3 Nc6 3. d4 cxd4 4. Nxd4 g6 5. c4 Bg7 6. Be3 Nf6 7. Nc3 d6 8. f3 O-O 9. Qd2 e6 10. Nc2 ({RR} 10. O-O-O d5 11. Nxc6 bxc6 12. e5 Nd7 13. f4 Qa5 14. Kb1 Rd8 15. Ne4 Qxd2 16. Nxd2 Ba6 17. Nb3 Bf8 18. Na5 Nb6 19. Bxb6 axb6 20. Nxc6 Rdc8 21. cxd5 Bxf1 22. Rhxf1 exd5 23. Nd4 Rc4 24. b3 Rc5 {Toktomushev,T (2300)-Lenoir Ibacache,G (2228) chess.com INT 2024 1-0 (32)}) 10... d5 11. cxd5 exd5 12. exd5 Ne7 $146 ({RR} 12... Ne5 13. Be2 Bf5 14. Nd4 Bd7 15. O-O Re8 16. Rfd1 Rc8 17. Bf2 Qa5 18. Nb3 Qd8 19. Bf1 Nh5 20. Ne4 f5 21. Nd6 f4 22. Nxe8 Qg5 23. Kh1 Rxe8 24. Nd4 Qh6 25. Ne6 Bf6 26. Kg1 g5 27. Bd4 {Sanchez Alvares,K (2194)-Rytenko,V (2362) Chess.com INT 2022 1-0 (46)}) ({RR} 12... Ne5 13. Be2 Bf5 14. Nd4 Bd7 15. O-O Re8 16. Rfd1 Rc8 17. Bf2 Qa5 18. Nb3 Qd8 19. Bf1 Nh5 20. Ne4 f5 21. Nd6 f4 22. Nxe8 Qg5 23. Kh1 Rxe8 24. Nd4 Qh6 25. Ne6 Bf6 26. Kg1 g5 27. Bd4 {Sanchez Alvares,K (2194)-Rytenko,V (2362) Chess.com INT 2022 1-0 (46)}) 13. O-O-O Nf5 14. Bg5 h6 15. Bf4 Nh5 16. Be3 Nxe3 17. Qxe3 Re8 18. Qd2 Qd6 19. Bb5 Rd8 20. Rhe1 a6 21. Bf1 Bd7 22. g3 Rac8 23. Kb1 Rxc3 24. bxc3 Qb6+ 25. Ka1 Qc5 26. Nd4 Ba4 27. Rc1 Rxd5 28. Qb2 Kh7 29. Kb1 Rd6 30. Nb3 Qc7 31. Re3 Nf6 32. Rd3 Nd5 33. Qd2 Bxb3 34. axb3 Qb6 35. b4 Nxc3+ 36. Rcxc3 Qxb4+ 37. Ka2 Bxc3 38. Qxc3 Qxc3 39. Rxc3 Rd2+ 40. Kb3 Rxh2 41. Rc7 b5 42. Rxf7+ Kg8 43. Rf4 Kg7 44. Bd3 h5 45. g4 h4 46. g5 Rg2 47. Rxh4 Rxg5 48. Kb4 Rg1 49. Be4 Kf6 50. Rh6 Kg7 51. Rh2 Kf6 52. Ra2 1-0

[Event "GCT Superbet Blitz Poland 2025"]
[Site "Warsaw"]
[Date "2025.04.30"]
[Round "18"]
[White "Gavrilescu, David"]
[Black "Praggnanandhaa R"]
[Result "0-1"]
[ECO "B01"]
[WhiteElo "2554"]
[BlackElo "2758"]
[Annotator "ChessBase"]
[PlyCount "98"]
[EventDate "2025.??.??"]
[EventType "blitz"]
[TimeControl "300+2"]

1. e4 d5 2. exd5 Qxd5 3. Nf3 Nf6 4. d4 Bf5 5. Be2 e6 6. O-O Be7 7. c4 Qd8 8. Nc3 Nbd7 ({RR} 8... O-O 9. h3 h6 10. Bf4 c6 11. Rc1 Nbd7 12. a3 a5 13. Bd3 Bxd3 14. Qxd3 a4 15. Rfd1 Qa5 16. Qe2 Rfe8 17. Ne5 Qa6 18. Re1 Rad8 19. g3 Nxe5 20. dxe5 Nd7 21. Ne4 Nc5 22. Nf6+ gxf6 23. Qg4+ {Hald Falkesgaard,J (2276)-Moldagali,B (2331) chess.com INT 2024 0-1 (40)}) 9. Qb3 Qc8 10. Bf4 O-O 11. Nh4 $146 ({RR} 11. h3 a6 12. Rfe1 h6 13. Bf1 Bd6 14. Be5 Rd8 15. g4 Bh7 16. Bg2 Rb8 17. Re3 b5 18. cxb5 axb5 19. g5 b4 20. gxf6 bxc3 21. Qxc3 Nxf6 22. Bxf6 Bb4 23. Qc4 gxf6 24. Nh2 Bf8 25. d5 Rb4 {Nemeth,M (2474)-Milanovic,D (2408) Mali Losinj 2021 1-0 (37)}) ({RR} 11. h3 a6 12. Rfe1 h6 13. Bf1 Bd6 14. Be5 Rd8 15. g4 Bh7 16. Bg2 Rb8 17. Re3 b5 18. cxb5 axb5 19. g5 b4 20. gxf6 bxc3 21. Qxc3 Nxf6 22. Bxf6 Bb4 23. Qc4 gxf6 24. Nh2 Bf8 25. d5 Rb4 {Nemeth,M (2474)-Milanovic,D (2408) Mali Losinj 2021 1-0 (37)}) 11... Bg4 12. Bxg4 Nxg4 13. Nf3 Ngf6 14. Rfe1 Re8 15. Rad1 a6 16. d5 exd5 17. cxd5 b5 18. h3 Qb7 19. Ng5 Nc5 20. Qc2 h6 21. Nf3 b4 22. Na4 Nxa4 23. Qxa4 Nxd5 24. Bg3 Nb6 25. Qb3 c5 26. Ne5 Bf6 27. Ng4 Bd4 28. Be5 Bxe5 29. Nxe5 Rad8 30. Rxd8 Rxd8 31. a3 a5 32. Ng4 c4 33. Qg3 Qc6 34. Qe5 bxa3 35. bxa3 c3 36. Rc1 Nd5 37. Qd4 Qc7 38. g3 c2 39. Qe4 Nc3 40. Rxc2 Qxg3+ 41. fxg3 Nxe4 42. Ne3 Rd3 43. Nc4 a4 44. g4 Rxh3 45. Re2 Rg3+ 46. Kh2 Rxg4 47. Kh3 f5 48. Ne5 Ng5+ 49. Kh2 Re4 0-1